Map: King's Cove LE

Players

BlackEyed - Winner!

  • Race: Zerg Zerg
  • League: Master
  • Spawn Location: 11:00

Mez

  • Race: Terran Terran
  • League: Master
  • Spawn Location: 5:00

VOD

Have the link to the VOD?

Description

Time

  • Played on: July 29, 2019, 3:24 a.m.
  • Length: 16:02
Show
View Real Time Build Order
Export as new Build Order

BlackEyed Zerg - Winner!

Build Orders: Hatch First, Brood Lord Corruptor 

Get SALT Encoding   

  12  0:00  Drone  
  13  0:12  Overlord  
  13  0:18  Drone  
  14  0:31  Drone x2  
  16  0:50  Hatchery  
  16  0:53  Drone  
  16  0:56  Drone  
  17  1:00  Drone  
  18  1:11  Extractor  
  18  1:17  Spawning Pool  
  16  1:21  Drone  
  16  1:23  Drone  
  18  1:30  Drone  
  19  1:42  Drone  
  20  1:55  Overlord  
  20  2:04  Queen x2  
  20  2:05  Zergling x2  
  20  2:06  Zergling x2  
  26  2:12  Drone  
  26  2:14  Drone  
  26  2:15  Metabolic Boost  
  29  2:22  Drone  
  29  2:28  Drone  
  30  2:31  Spore Crawler  
  29  2:46  Queen  
  29  2:47  Drone x4  
  36  2:54  Overlord, Pneumatized Carapace  
  36  3:14  Drone  
  36  3:15  Drone x2  
  39  3:23  Drone x3  
  42  3:30  Hatchery  
  42  3:31  Overlord  
  42  3:32  Drone  
  42  3:37  Zergling x2  
  42  3:39  Roach Warren  
  42  3:54  Drone  
  42  3:55  Drone, Zergling x6  
  47  3:56  Overlord  
  47  3:57  Drone x2  
  49  4:06  Drone x2  
  51  4:16  Overlord  
  51  4:22  Roach x3  
  51  4:23  Roach  
  59  4:29  Overlord, Extractor  
  59  4:30  Drone x2  
  60  4:34  Overlord, Queen  
  62  4:44  Roach x3  
  66  4:46  Zergling x2  
  66  4:48  Queen  
  69  4:56  Zergling x6  
  69  4:57  Overlord  
  72  5:00  Evolution Chamber  
  72  5:03  Evolution Chamber  
  72  5:05  Drone  
  72  5:06  Drone x5  
  76  5:24  Drone x4  
  76  5:25  Overlord  
  80  5:29  Zerg Ground Armor Level 1, Zerg Melee Weapons Level 1  
  80  5:33  Drone x2  
  80  5:35  Lair  
  82  5:36  Drone  
  82  5:39  Extractor  
  82  5:45  Drone x3  
  82  5:46  Drone  
  82  5:47  Drone  
  82  5:49  Drone x3  
  90  5:50  Baneling Nest  
  89  6:09  Extractor  
  89  6:10  Drone x2, Extractor  
  89  6:11  Drone x3  
  91  6:12  Drone x2, Extractor  
  91  6:13  Drone  
  91  6:14  Drone x3  
  91  6:15  Drone x2  
  99  6:24  Overlord  
  99  6:25  Hatchery  
  98  6:26  Overlord x2  
  98  6:36  Centrifical Hooks  
  98  6:37  Zergling x2  
  98  6:38  Zergling x12  
  98  6:39  Baneling x9  
  105  6:46  Overseer  
  105  6:48  Zergling x10  
  109  6:56  Overlord  
  109  7:03  Zergling x2  
  109  7:04  Zergling x16  
  111  7:12  Zergling x8  
  101  7:17  Zergling x2  
  97  7:27  Queen x2  
  96  7:33  Zerg Ground Armor Level 2, Zerg Melee Weapons Level 2  
  96  7:35  Ravager x2  
  96  7:36  Ravager  
  99  7:37  Baneling x7  
  99  7:39  Zergling x4  
  99  7:41  Drone x10  
  111  7:45  Queen  
  111  7:51  Spore Crawler  
  112  7:54  Overseer  
  112  8:10  Spire  
  112  8:12  Infestation Pit, Drone x8  
  119  8:15  Zergling x18, Extractor  
  119  8:16  Extractor  
  125  8:27  Hatchery  
  125  8:33  Baneling x8  
  125  8:34  Baneling x2  
  119  8:44  Spore Crawler  
  118  8:49  Drone x2  
  118  8:52  Zergling x2  
  118  8:53  Zergling x14  
  118  8:54  Overlord x4  
  118  8:55  Overlord x3  
  128  9:04  Baneling x15  
  128  9:09  Overseer x2  
  128  9:13  Overlord  
  128  9:14  Hive  
  128  9:24  Corruptor x6  
  136  9:37  Queen x2  
  131  9:45  Zergling x18  
  118  10:01  Drone x3  
  118  10:02  Drone x3  
  118  10:06  Drone  
  125  10:14  Spore Crawler  
  125  10:15  Spore Crawler  
  123  10:23  Zergling x10  
  123  10:24  Zergling x26  
  123  10:26  Baneling x8  
  141  10:32  Zerg Melee Weapons Level 3  
  141  10:34  Zerg Ground Armor Level 3  
  141  10:46  Adrenal Glands  
  141  10:49  Greater Spire  
  141  10:53  Zergling x22  
  141  10:54  Zergling x2  
  132  11:09  Zergling x12  
  132  11:10  Zergling x18  
  143  11:13  Baneling  
  143  11:14  Baneling x6  
  143  11:31  Viper x3  
  152  11:36  Baneling x3  
  152  11:37  Baneling x11  
  152  11:47  Corruptor x2  
  152  11:52  Drone x6  
  162  11:55  Drone x3, Extractor  
  162  11:56  Drone x3, Extractor  
  162  11:59  Zergling x2  
  162  12:00  Zergling x12  
  173  12:08  Brood Lord x3  
  179  12:10  Brood Lord  
  183  12:22  Brood Lord  
  183  12:23  Brood Lord x2  
  183  12:28  Zerg Flyer Weapons Level 1  
  187  12:30  Corruptor x3  
  193  12:43  Corruptor  
  193  12:44  Corruptor x3  
  189  12:48  Baneling x4  
  197  12:58  Overlord x2  
  197  13:16  Queen  
  197  13:17  Queen  
  193  13:30  Zergling x2  
  193  13:31  Zergling x14  
  194  13:37  Zergling x16  
  194  13:38  Zergling x6  
  194  13:42  Brood Lord x3  
  194  13:43  Brood Lord  
  194  13:44  Zergling x6  
  195  13:53  Corruptor x3  
  200  14:11  Baneling x13  
  200  14:13  Hatchery  
  200  14:15  Zergling x2  
  200  14:18  Baneling x14  
  200  14:23  Baneling x6  
  200  14:30  Pathogen Glands  
  197  15:05  Zergling x2  
  197  15:06  Zergling x18  
  195  15:21  Zergling x10  
  200  15:32  Hatchery  
  182  15:44  Zergling x20  
Show
View Real Time Build Order
Export as new Build Order

Mez Terran 

Build Orders: Reaper Expand 

Get SALT Encoding   

  12  0:01  SCV  
  13  0:13  SCV  
  14  0:19  Supply Depot  
  14  0:25  SCV  
  15  0:40  SCV  
  15  0:41  Barracks  
  16  0:46  Refinery  
  16  0:52  SCV  
  17  1:04  SCV  
  18  1:17  SCV  
  19  1:30  Reaper, Orbital Command  
  20  1:43  Command Center  
  20  1:55  Barracks  
  20  1:57  SCV  
  21  2:02  Barracks Reactor  
  21  2:09  SCV  
  21  2:11  Supply Depot  
  22  2:20  Barracks  
  22  2:24  SCV  
  23  2:43  SCV  
  24  2:45  Barracks Tech Lab  
  24  2:47  Marine  
  24  2:48  Marine  
  26  2:55  SCV  
  27  2:58  Orbital Command  
  27  3:05  Combat Shield  
  27  3:06  Marine x2  
  27  3:07  Marine x2  
  27  3:09  SCV  
  31  3:21  SCV  
  31  3:23  Supply Depot  
  31  3:25  Marine x4  
  36  3:28  SCV  
  36  3:33  SCV  
  37  3:40  SCV  
  38  3:49  Supply Depot  
  38  3:50  Engineering Bay, SCV  
  38  3:51  Marine x4  
  38  3:52  SCV  
  44  4:02  SCV  
  45  4:04  SCV  
  46  4:10  Marine x2  
  46  4:11  Marine  
  46  4:14  SCV  
  46  4:16  SCV  
  51  4:17  Marine  
  52  4:24  Terran Infantry Weapons Level 1  
  52  4:26  SCV  
  52  4:28  Marine x2  
  52  4:29  SCV  
  56  4:35  Command Center, Marine x2  
  59  4:38  SCV  
  59  4:39  Stimpack  
  59  4:41  SCV  
  60  4:47  Marine x2  
  62  4:55  Supply Depot  
  62  5:11  Factory  
  62  5:12  Refinery x2  
  62  5:17  SCV x2, Marine x4, Supply Depot  
  62  5:21  Supply Depot  
  68  5:29  SCV x2  
  70  5:36  Barracks Reactor  
  70  5:38  Marine x3  
  70  5:41  SCV x2  
  75  5:45  Supply Depot  
  76  5:51  Orbital Command  
  76  5:52  Barracks  
  76  5:53  SCV x2, Barracks  
  77  5:58  Starport, Factory Reactor  
  77  5:59  Marine x3  
  77  6:03  Supply Depot x2  
  80  6:05  SCV x2  
  82  6:14  Marine x2  
  82  6:17  Marine x2  
  82  6:18  Terran Infantry Armor Level 1  
  86  6:23  SCV x2, Marine  
  89  6:27  Orbital Command, Supply Depot  
  89  6:32  Marine x2  
  91  6:35  Marine  
  91  6:39  SCV x2, Marine  
  95  6:42  Barracks Reactor x2  
  95  6:44  Marine  
  96  6:49  Command Center  
  96  6:50  Marine x2  
  96  6:51  SCV x2  
  96  6:53  Marine, Supply Depot  
  101  6:56  SCV  
  101  6:57  Marine  
  103  7:02  Marine  
  100  7:15  Marine x4  
  85  7:16  Medivac x2  
  85  7:17  SCV  
  85  7:18  SCV x2  
  85  7:20  Marine  
  80  7:33  Marine x2  
  80  7:34  Barracks x3  
  80  7:35  SCV x2, Armory  
  84  7:38  SCV  
  84  7:40  Refinery  
  84  7:42  Supply Depot  
  84  7:43  Engineering Bay  
  85  7:44  Marine x7  
  85  7:47  SCV x2, Supply Depot  
  94  7:53  Marine x2  
  94  7:54  Medivac x2  
  100  8:02  Marine x4  
  104  8:08  Supply Depot  
  104  8:09  Supply Depot  
  104  8:12  Marine, Supply Depot  
  104  8:13  Marine x3  
  104  8:14  SCV x3  
  112  8:20  Marine  
  112  8:21  Refinery, Marine  
  112  8:22  Marine  
  112  8:23  Barracks Tech Lab x2  
  112  8:24  Barracks Tech Lab  
  112  8:25  Terran Infantry Weapons Level 2  
  112  8:26  Terran Infantry Armor Level 2, SCV x2  
  116  8:29  SCV  
  116  8:32  Medivac x2  
  121  8:38  SCV  
  113  8:48  Planetary Fortress  
  113  8:50  SCV  
  113  8:51  SCV  
  113  8:54  Marine x8, Marauder x4  
  131  8:59  Refinery  
  131  9:10  Supply Depot  
  131  9:12  Marine x4, Supply Depot  
  131  9:15  Marine x4, Marauder x2  
  131  9:16  Marauder x2, Medivac  
  146  9:37  Marine, Marauder  
  146  9:38  Marine x5  
  143  9:45  Marine x3  
  137  9:46  Marine, Marauder  
  137  9:48  Medivac x2  
  137  9:49  Concussive Shells  
  137  9:51  SCV x3  
  149  9:54  Command Center  
  149  9:55  Marine x3  
  149  9:56  Command Center, Marine  
  149  9:58  Marauder  
  149  9:59  Marine x2  
  151  10:03  Marine x2  
  151  10:04  Marauder x2  
  158  10:07  Marauder  
  158  10:13  Marine x2  
  162  10:19  Factory, Marauder  
  158  10:22  Factory  
  158  10:25  Marauder x2  
  158  10:26  Marine x3  
  158  10:27  Marine x3  
  168  10:29  Marauder  
  168  10:30  Factory Tech Lab  
  168  10:31  Marine x2  
  172  10:41  Marauder  
  174  10:44  Marine x4  
  174  10:45  Marine x2  
  174  10:47  Marauder x2  
  174  10:49  Marine  
  185  10:50  Marauder  
  187  11:02  Marauder  
  147  11:08  Marine x9, Marauder  
  150  11:11  Marine  
  150  11:12  Siege Tank  
  150  11:13  Factory Tech Lab x2  
  150  11:18  Orbital Command  
  154  11:23  Marine, Command Center x2, Medivac x2  
  159  11:26  Marine x4  
  159  11:27  Marauder  
  159  11:28  Terran Infantry Armor Level 3, Refinery x2  
  159  11:29  Marauder  
  159  11:30  Marauder  
  169  11:45  Marine x4, Marauder  
  169  11:46  Marine  
  176  11:48  Marauder  
  176  11:51  Marauder  
  180  11:56  Marine x3, Marauder  
  180  11:58  Siege Tank  
  180  11:59  Planetary Fortress  
  188  12:03  Marine x3  
  188  12:07  Marauder  
  193  12:12  SCV x3  
  196  12:25  Siege Tank  
  199  12:49  Orbital Command  
  193  13:23  Thor x2  
  137  13:41  Marine  
  137  13:42  Thor, Marine x6, Marauder  
  137  13:43  Medivac x2  
  133  13:49  Marine, Marauder x3  
  133  13:59  Marine  
  133  14:00  Marine x4  
  138  14:03  Marauder  
  138  14:06  Thor x2  
  138  14:08  Planetary Fortress  
  150  14:10  Marauder x2  
  150  14:11  Marine x3, Marauder  
  150  14:13  Medivac x2  
  163  14:17  Marine x5  
  168  14:24  Marine  
  168  14:25  Thor  
  168  14:31  Sensor Tower, Refinery  
  175  14:33  Refinery  
  175  14:34  Marine, Marauder x2  
  175  14:36  Command Center  
  180  14:43  Marine  
  180  14:44  Marine, Marauder x2  
  186  14:45  Command Center  
  186  14:52  Medivac x2  
  188  14:55  Marauder  
  182  15:02  Marine, Marauder  
  138  15:08  Marine x9  
  136  15:16  Marine  
  136  15:20  Marine  
  137  15:22  Medivac x2  
  137  15:23  Marine  
  137  15:25  Marine  
  137  15:26  Marine x8  
  146  15:34  Marine  
  140  15:38  Marine  
  140  15:41  Marine  
  136  15:43  Marine x4  
  136  15:44  Marine x5  
Tags
 
Add a new tag
Caveats
  • Supply blocks, unpowered buildings, or Contaminate may cause inaccurate times.
  • Supply counts are checked every 10 seconds.